 Dungeon Crawl Stone Soup version 0.26.0-11-g8f856b5395 (webtiles) character file.

Game seed: 11969858340698778377

36 runemasterragnar the Skirmisher (level 3, 0/37 HPs)
             Began as an Ogre Arcane Marksman on Jan 15, 2021.
             Slain by an adder (4 damage)
             ... on level 2 of the Dungeon.
             The game lasted 00:03:14 (2021 turns).

runemasterragnar the Skirmisher (OgAM)              Turns: 2021, Time: 00:03:15

Health: 0/37       AC:  3    Str: 14    XL:     3   Next: 37%
Magic:  3/4        EV: 10    Int: 15    God:
Gold:   79         SH:  0    Dex:  9    Spells: 1/4 levels left

rFire    x . .     SeeInvis .   e - +0 club
rCold    + . .     Faith    .   (no shield)
rNeg     . . .     Spirit   .   a - +0 robe
rPois    .         Reflect  .   (helmet restricted)
rElec    .         Harm     .   (no cloak)
rCorr    .         Rampage  .   (gloves unavailable)
Will     .....                  (boots unavailable)
Stlth    +.........             (no amulet)
HPRegen  0.12/turn              b - ring of ice
MPRegen  0.09/turn              (no ring)

@: no status effects
A: large, unfitting armour, tough skin 1
a: no special abilities


You were on level 2 of the Dungeon.
You visited 1 branch of the dungeon, and saw 2 of its levels.

You collected 79 gold pieces.

Inventory:

Hand Weapons
 e - a +0 club (weapon)
Armour
 a - a +0 robe (worn)
Jewellery
 b - a ring of ice (left hand)
Scrolls
 f - a scroll of enchant armour {unknown}
 g - 2 scrolls of teleportation {unknown}
 i - a scroll of identify
 j - a scroll of blinking {unknown}
 k - 2 scrolls of fog {unknown}
 l - a scroll of amnesia {unknown}
Potions
 h - a potion of magic


   Skills:
 * Level 3.1 Fighting
 + Level 2.5 Throwing
 + Level 2.2 Dodging
 - Level 1.2 Spellcasting
 - Level 2.6 Hexes


You had one spell level left.
You knew the following spells:

 Your Spells              Type           Power        Failure   Level
a - Corona                Hex            8%           9%          1
b - Slow                  Hex            8%           12%         2

Your spell library contained the following spells:

 Spells                   Type           Power        Failure   Level
 Inner Flame              Hex/Fire       4%           38%         3
 Portal Projectile        Hex/Tloc       8%           38%         3
 Cause Fear               Hex            4%           63%         4
 Leda's Liquefaction      Hex/Erth       2%           80%         4


Dungeon Overview and Level Annotations

Branches:
Dungeon (2/15)

Altars:


Innate Abilities, Weirdness & Mutations

You are too large for most types of armour.
You have tough skin. (AC +1)


Message History

You feel sick.
You feel sick. The adder closely misses you.
You feel sick.
You feel sick. The adder closely misses you.
Found a scroll labelled YLOENU QIWOMP.
You feel sick. The adder barely misses you.
You feel sick. The adder completely misses you. The adder closely misses you.
You see here a lumpy emerald potion.
c - a lumpy emerald potion You feel sick.
The adder bites you.
* * * LOW HITPOINT WARNING * * *
You are more poisoned.
The adder poisons you!
It was a potion of curing.
You feel better. The adder bites you.
* * * LOW HITPOINT WARNING * * *
The adder bites you but does no damage. The adder bites you.
You die...

....>..........
....###.##.... .
##.)###.####...### ##
##.^................###
.....##.########.#....
#....##.# #.#..###
#....##.# #......##
......#.# #.....?..
#.....#.# #@#..#.#
......#.###### #S#..#.#
...............#.#....#
#.....########.#.#.##.#
##.#...## #.....##.#
#......# ###.####.#
#......# #†# #.#
#......# #.# #.#
##.#...## #.# #.#


You could see an adder.

Vanquished Creatures
  A worm (D:2)
  2 leopard geckos
  A ball python (D:2)
  6 goblins
  5 hobgoblins
  2 jackals (D:2)
  4 bats
  2 frilled lizards
  3 kobolds
  2 rats (D:2)
28 creatures vanquished.

Notes
Turn   | Place    | Note
-------+----------+-------------------------------------------
     0 | D:1      | runemasterragnar the Ogre Arcane Marksman began the quest
                  | for the Orb.
     0 | D:1      | Reached XP level 1. HP: 19/19 MP: 2/2
   193 | D:1      | Reached skill level 2 in Fighting
   208 | D:1      | Reached XP level 2. HP: 8/28 MP: 0/3
  1361 | D:2      | Reached XP level 3. HP: 30/36 MP: 4/4
  1376 | D:2      | Reached skill level 3 in Fighting
  1391 | D:2      | Learned a level 2 spell: Slow
  2017 | D:2      | HP: 1/37 [adder (5)]
  2021 | D:2      | Slain by an adder

Illustrated notes

Levels and vault maps discovered:
D:1:      erik_arrival_orb_chamber, layout_loops_ring, grunt_decor_arrowhead,
          chequers_serial_rivers_micro_a
D:2:      layout_loops_ring, minmay_pentomino_r2, uniq_crazy_yiuf_cottage,
          uniq_natasha, uniq_sigmund

Skill      XL: |  1  2  3 |
---------------+----------+-----
Fighting       | 2 3 |  3.1
Dodging        | 2 |  2.2
Throwing       | |  2.5
Spellcasting   | |  1.2
Hexes          | |  2.6

Action                   || total
-------------------------++-------
Melee: Club              ||   116
Throw: Large rock        ||    10
       Throwing net      ||     2
 Cast: Corona            ||    20
       Slow              ||     2
  Use: Scroll            ||     1
       Potion            ||     1
Armor: Robe              ||    72
Dodge: Dodged            ||   115
